 Dungeon Crawl Stone Soup version 0.25.1-2-g60ff931df9 (webtiles) character file.

Game seed: 16688799895878142829

3404 Curus the Cleaver (level 9, 0/79 HPs)
             Began as a Minotaur Monk on Oct 25, 2020.
             Was a Priest of Makhleb.
             Succumbed to a killer bee's poison
             ... on level 8 of the Dungeon.
             The game lasted 00:39:02 (8487 turns).

Curus the Cleaver (Minotaur Monk)                   Turns: 8487, Time: 00:39:02

Health: 0/79       AC: 14    Str: 17    XL:     9   Next: 75%
Magic:  17/17      EV:  3    Int:  7    God:    Makhleb [***...]
Gold:   261        SH: 14    Dex: 13    Spells: 8/8 levels left

rFire    . . .     SeeInvis .   a - +3 hand axe
rCold    . . .     Gourm    .   r - +2 kite shield
rNeg     + . .     Faith    .   m - +0 plate armour
rPois    .         Spirit   .   (helmet unavailable)
rElec    .         Reflect  +   n - +1 cloak
rCorr    .         Harm     .   (no gloves)
MR       .....     Rnd*Rage +   (no boots)
Stlth    ..........             u - amulet of reflection
HPRegen  0.23/turn              t - ring of magical power
MPRegen  0.15/turn              A - ring of positive energy

@: lethally poisoned (0 -> -1), berserk cooldown, slowed, lightly drained, very
slow
A: retaliatory headbutt, horns 3, berserk 1, clumsy 1
a: Minor Destruction, Lesser Servant of Makhleb, Renounce Religion


You were on level 8 of the Dungeon.
You worshipped Makhleb.
Makhleb was most pleased with you.
You were hungry.

You visited 2 branches of the dungeon, and saw 10 of its levels.

You collected 485 gold pieces.
You spent 224 gold pieces at shops.

Inventory:

Hand Weapons
 a - a +3 hand axe (weapon)
 B - a cursed +3 morningstar
Armour
 b - a +0 robe
 f - a +1 ring mail
 h - a +0 buckler
 l - a +1 scale mail
 m - a +0 plate armour (worn)
 n - a +1 cloak (worn)
 r - a +2 kite shield (worn)
Jewellery
 d - an uncursed ring of ice
 i - an uncursed ring of ice
 t - a ring of magical power (left hand)
 u - an amulet of reflection (around neck)
 A - a ring of positive energy (right hand)
Wands
 p - a wand of random effects (13)
 y - a wand of enslavement (9)
 z - a wand of polymorph (11)
Scrolls
 e - 2 scrolls of fog
 g - 6 scrolls of remove curse
 j - 6 scrolls of teleportation
 k - 8 scrolls of identify
 v - 2 scrolls of magic mapping
 w - 2 scrolls of fear
Potions
 o - 2 potions of heal wounds
 q - 3 potions of berserk rage
 s - 4 potions of curing
Comestibles
 c - 13 rations
 x - 7 chunks of flesh


   Skills:
 + Level 7.0 Fighting
 - Level 14.0 Axes
 + Level 5.8 Armour
 - Level 3.2 Dodging
 - Level 1.5 Stealth


You had 8 spell levels left.
You didn't know any spells.
Your spell library contained the following spells:

 Spells                   Type           Power        Failure   Level  Hunger
 Irradiate                Conj/Tmut      #.........   100%        5    ######.
 Hydra Form               Tmut           #.........   100%        6    #######
 Statue Form              Tmut/Erth      #........    100%        6    #######
 Dragon Form              Tmut           #.........   100%        7    #######


Dungeon Overview and Level Annotations

Branches:
Dungeon (9/15)             Temple (1/1) D:7
   Lair: D:8-11         Orc: D:9-12

Altars:
Ashenzari
Cheibriados
Dithmenos
Elyvilon
Fedhas
Gozag
Hepliaklqana
Kikubaaqudgha
Makhleb
Nemelex Xobeh
Okawaru
Qazlal
Ru
Sif Muna
Trog
Uskayaw
Vehumet
Wu Jian
Xom
Yredelemnul
Zin
The Shining One

Shops:
D:5 !


Innate Abilities, Weirdness & Mutations

You reflexively headbutt those who attack you in melee.
You have a pair of large horns on your head.
You tend to lose your temper in combat.
You are clumsy. (Dex -2)


Message History

You closely miss the yak.
You block the two-headed ogre's attack. x2
The yak gores you but does no damage. The yak gores you.
You hit the two-headed ogre.
The two-headed ogre is heavily wounded.
You hit the yak. You hit the yak but do no damage. You hit the yak.
The yak gores you!
The two-headed ogre hits you with a +0 giant spiked club.
The two-headed ogre hits you with a cursed -2 giant club.
You block the yak's attack. x2
You block the yak's attack. The yak gores you.
The two-headed ogre hits you with a +0 giant spiked club!
* * * LOW HITPOINT WARNING * * *
You block the two-headed ogre's attack.
The yak gores you but does no damage. x2
The yak gores you!
* * * LOW HITPOINT WARNING * * *
You climb upwards.
You feel sick.
There is a stone staircase leading down here.
The yak gores you.
* * * LOW HITPOINT WARNING * * *
You die...

# #.....#....<..# #.# #
##..........#.# #.# # #
#.....#.#####.# #.# #
###.#.#.#.#####.#############.# #
......#.......#)..............###
###(###...................(......
....(...........###.......#######
.#............YY###.###..........
.###).....#.#.Y.@..........##....
............#.O.#.#.###.#...#....
.###......###...#.#.###.#.(.#....
......#.....#...#.#.....##.<#....
#####.#.###.#...#.........#)#....
....#.#.###.....#................
###.#.#.#.................#..#...
#........................#.####
#.....#>.......######....#.####


You could see a two-headed ogre and 3 yaks.

Vanquished Creatures
  An ugly thing (D:8)
  Grinder (D:5)
  A hippogriff (D:8)
  An ice beast (D:8)
  2 sky beasts (D:8)
  A black bear (D:6)
  An orc warrior (D:7)
  An ogre (D:8)
  A phantom (D:6)
  2 centaurs (D:8)
  4 bullfrogs
  A wyvern skeleton (D:6)
  A scorpion (D:7)
  3 wights (D:9)
  5 killer bees (D:9)
  A howler monkey (D:4)
  A bullfrog zombie (D:7)
  3 crimson imps
  A quasit (D:8)
  4 orc priests
  A jelly (D:8)
  2 centaur skeletons
  4 hounds
  3 orc wizards
  2 gnoll shamans
  2 iguanas
  4 worker ants
  A killer bee zombie (D:5)
  3 hound skeletons
  2 worker ant zombies
  7 gnolls
  9 adders
  3 shadow imps
  2 oozes (D:4)
  3 adder skeletons
  2 worms
  3 dart slugs
  4 leopard geckos
  33 orcs
  5 giant cockroaches
  7 goblins
  5 hobgoblins
  15 jackals
  4 quokkas
  5 bats
  4 frilled lizards
  12 kobolds
  A quokka skeleton (D:4)
  10 rats
194 creatures vanquished.

Notes
Turn   | Place    | Note
-------+----------+-------------------------------------------
     0 | D:1      | Curus the Minotaur Monk began the quest for the Orb.
     0 | D:1      | Reached XP level 1. HP: 19/19 MP: 0/0
    16 | D:1      | Gained mutation: You tend to lose your temper in combat.
                  | [potion of mutation]
    16 | D:1      | Gained mutation: You are clumsy. (Dex -2) [potion of
                  | mutation]
    16 | D:1      | Gained mutation: You have a pair of large horns on your
                  | head. [potion of mutation]
   176 | D:1      | Reached skill level 4 in Axes
   214 | D:1      | Reached XP level 2. HP: 26/26 MP: 1/1
   817 | D:2      | Reached skill level 5 in Axes
   862 | D:2      | You fall into a shaft and drop 2 floors!
   869 | D:4      | Reached XP level 3. HP: 28/31 MP: 2/2
  1117 | D:2      | Reached skill level 6 in Axes
  1117 | D:2      | Reached XP level 4. HP: 15/39 MP: 3/3
  1322 | D:2      | Found a radiant altar of Vehumet.
  2371 | D:3      | You fall into a shaft and drop 2 floors!
  2371 | D:5      | Entered Level 5 of the Dungeon
  2388 | D:4      | Reached skill level 7 in Axes
  2388 | D:4      | Reached XP level 5. HP: 39/45 MP: 4/4
  2739 | D:4      | Reached skill level 8 in Axes
  3006 | D:4      | Reached XP level 6. HP: 51/51 MP: 5/5
  3524 | D:3      | Found a sparkling altar of Nemelex Xobeh.
  4127 | D:4      | Reached skill level 9 in Axes
  4360 | D:5      | Noticed Grinder
  4373 | D:5      | Killed Grinder
  4373 | D:5      | Reached skill level 10 in Axes
  4373 | D:5      | Reached XP level 7. HP: 29/57 MP: 6/6
  4818 | D:5      | Found Upesuid's Distillery.
  4824 | D:5      | Bought a potion of heal wounds for 70 gold pieces
  4824 | D:5      | Bought a potion of heal wounds for 70 gold pieces
  4824 | D:5      | Bought a potion of curing for 42 gold pieces
  4824 | D:5      | Bought a potion of curing for 42 gold pieces
  5373 | D:5      | Reached skill level 11 in Axes
  5374 | D:5      | Found a hide-covered altar of Uskayaw.
  5697 | D:6      | Reached XP level 8. HP: 64/64 MP: 7/7
  5849 | D:6      | Found a white marble altar of Elyvilon.
  5851 | D:6      | Found a sacrificial altar of Ru.
  6222 | D:7      | Reached skill level 12 in Axes
  6330 | D:7      | Found a staircase to the Ecumenical Temple.
  6339 | Temple   | Entered the Ecumenical Temple
  6372 | Temple   | Became a worshipper of Makhleb the Destroyer
  6372 | Temple   | Reached * piety under Makhleb
  6372 | Temple   | Reached ** piety under Makhleb
  7205 | D:8      | Reached skill level 13 in Axes
  7516 | D:8      | Found a burning altar of Makhleb.
  7551 | D:8      | Reached XP level 9. HP: 70/70 MP: 8/8
  7643 | D:8      | Found an opulent altar of Gozag.
  7650 | D:8      | Found a shimmering altar of Xom.
  7657 | D:8      | Found a bloodstained altar of Trog.
  7664 | D:8      | Found an iron altar of Okawaru.
  7671 | D:8      | Found a hazy altar of Hepliaklqana.
  7676 | D:8      | Found a hide-covered altar of Uskayaw.
  7687 | D:8      | Found a shattered altar of Ashenzari.
  7767 | D:8      | Reached skill level 14 in Axes
  7986 | D:8      | Reached skill level 1 in Armour
  7996 | D:8      | Noticed a brown ugly thing
  8015 | D:8      | Killed a brown ugly thing
  8015 | D:8      | Reached skill level 5 in Fighting
  8447 | D:9      | Reached *** piety under Makhleb
  8455 | D:9      | Reached skill level 5 in Armour
  8476 | D:9      | Noticed a two-headed ogre
  8486 | D:8      | HP: 1/79 [yak (4)]
  8487 | D:8      | Succumbed to a killer bee's poison

Illustrated notes

Levels and vault maps discovered:
D:1:      scummos_arrival_simple_crosswalls, layout_rooms, serial_rivers,
          chequers_serial_rivers_small_3, chequers_serial_rivers_micro_c,
          chequers_serial_rivers_marsh, chequers_serial_rivers_large_b,
          chequers_serial_rivers_micro_b, chequers_serial_rivers_room_a,
          serial_park_tiny_2, corexii_hall_statues_x
D:2:      layout_basic, vehumet_crystals, first_ration, minmay_misc_feat_tower,
          chequers_jeans
D:3:      layout_loops_cross, old_standard_altar
D:4:      layout_basic
D:5:      layout_gridville, basic_altar, serial_shops, shop, uniq_grinder
D:6:      layout_basic, minitemple
D:7:      layout_loops_ring, lemuel_temple_firewalk_b
D:8:      kennysheep_blocky_room, layout_basic, grunt_temple_overflow_octagram,
          bloody_makhleb
D:9:      layout_cave_pools, erik_lair_island, uniq_erica
Temple:   chequers_temple_sunken

Skill      XL: |  1  2  3  4  5  6  7  8  9 |
---------------+----------------------------+-----
Axes           | 4 5 6 7 8 10 11 13 14 | 14.0
Fighting       | 7 |  7.0
Armour         | 5 |  5.8
Dodging        | |  3.2
Stealth        | |  1.5

Action                   |  1- 3 |  4- 6 |  7- 9 || total
-------------------------+-------+-------+-------++-------
Melee: Hand axe          |    88 |   153 |   340 ||   581
       Headbutt          |    14 |    25 |    74 ||   113
  Use: Scroll            |     5 |     6 |     3 ||    14
       Potion            |     5 |     3 |     1 ||     9
  Eat: Chunk             |     1 |    10 |    13 ||    24
Armor: Ring mail         |    21 |    11 |       ||    32
       Scale mail        |       |    31 |    37 ||    68
       Plate armour      |       |       |    98 ||    98
Dodge: Dodged            |    45 |    54 |    38 ||   137
Block: Buckler           |     4 |    12 |       ||    16
       Kite shield       |       |     8 |   163 ||   171
       Reflection        |       |       |     1 ||     1
